Get step-by-step instructions on how to execute this build order below. Start the game timer, and the build order will tick by so you can play in parallel with StarCraft on a second screen or mobile device.

Game Time

  0:00

Last Step

  N/A

Next Step

Upcoming Step



Don't want to look back and forth between 2 screens? Try out our Overwolf App, the Spawning Tool Build Advisor to get an in-game overlay with this build!

Complete Build Order

  12  0:00  Probe  
  13  0:12  Probe  
  14  0:17  Pylon  
  14  0:24  Probe (Chrono Boost)  
  16  0:36  Gateway  
  16  0:37  Probe (Chrono Boost)  
  16  0:42  Probe (Chrono Boost)  
  16  0:45  Assimilator  
  17  0:52  Probe  
  18  1:04  Probe  
  19  1:16  Probe  
  20  1:23  Cybernetics Core  
  20  1:33  Nexus  
  20  1:36  Probe  
  21  1:45  Pylon  
  21  1:49  Assimilator  
  21  1:51  Probe  
  22  2:00  Warp Gate  
  22  2:01  Adept (Chrono Boost)  
  22  2:03  Probe (Chrono Boost)  
  25  2:15  Probe (Chrono Boost)  
  26  2:21  Probe (Chrono Boost)  
  27  2:24  Stalker  
  27  2:29  Probe  
  29  2:34  Twilight Council  
  30  2:42  Probe (Chrono Boost)  
  31  2:53  Probe (Chrono Boost)  
  31  2:54  Probe (Chrono Boost)  
  31  3:02  Probe (Chrono Boost)  
  31  3:03  Probe (Chrono Boost)  
  33  3:06  Gateway  
  33  3:11  Blink  
  35  3:13  Probe (Chrono Boost)  
  35  3:15  Probe (Chrono Boost)  
  35  3:21  Probe (Chrono Boost)  
  35  3:23  Probe (Chrono Boost)  
  35  3:24  Robotics Facility  
  37  3:27  Probe  
  37  3:34  Probe  
  39  3:39  Probe  
  40  3:47  Probe (Chrono Boost)  
  41  3:50  Nexus  
  41  3:53  Stalker  
  41  3:55  Probe (Chrono Boost)  
  44  3:59  Pylon  
  45  4:06  Probe (Chrono Boost)  
  45  4:07  Probe (Chrono Boost)  
  45  4:09  Pylon  
  46  4:14  Probe  
  46  4:16  Probe  
  46  4:18  Stalker  
  48  4:24  Observer (Chrono Boost)  
  48  4:26  Probe  
  48  4:28  Assimilator x2, Probe  
  51  4:32  Robotics Bay  
  51  4:39  Probe  
  51  4:40  Probe  
  51  4:44  Stalker x2  
  57  4:51  Shield Battery, Pylon  
  57  4:54  Probe (Chrono Boost)  
  57  4:56  Probe (Chrono Boost)  
  59  5:03  Gateway, Probe (Chrono Boost)  
  61  5:12  Gateway  
  61  5:13  Stalker  
  62  5:15  Stalker  
  62  5:17  Disruptor (Chrono Boost)  
  68  5:22  Probe  
  68  5:23  Probe  
  70  5:28  Charge  
  70  5:30  Probe  
  70  5:31  Gateway  
  69  5:38  Stalker x2  
  69  5:40  Probe  
  73  5:46  Probe (Chrono Boost)  
  73  5:47  Probe (Chrono Boost)  
  73  5:50  Colossus (Chrono Boost)  
  73  5:55  Probe (Chrono Boost)  
  80  5:58  Probe (Chrono Boost)  
  80  5:59  Probe (Chrono Boost)  
  81  6:07  Probe x3 (Chrono Boost)  
  81  6:08  Extended Thermal Lance  
  83  6:12  Forge  
  83  6:13  Pylon  
  83  6:14  Probe  
  83  6:17  Probe  
  85  6:19  Pylon  
  85  6:24  Gateway  
  85  6:25  Pylon  
  85  6:30  Assimilator  
  85  6:31  Probe, Pylon  
  86  6:33  Sentry x2, Zealot, Observer (Chrono Boost)  
  86  6:37  Probe  
  94  6:40  Forge  
  94  6:42  Pylon  
  94  6:43  Zealot x2  
  94  6:45  Probe  
  99  6:49  Colossus (Chrono Boost)  
  105  6:55  Protoss Ground Weapons Level 1 (Chrono Boost)  
  105  7:05  Probe  
  105  7:06  Gateway  
  105  7:08  Nexus  
  106  7:11  Shield Battery  
  106  7:15  Photon Cannon, Probe  
  107  7:27  Zealot x3  
  113  7:30  Colossus (Chrono Boost)  
  113  7:33  Protoss Ground Armor Level 1 (Chrono Boost), Pylon  
  119  7:41  Probe  
  119  7:42  Probe x2  
  122  7:49  Gateway  
  121  7:54  Probe  
  121  7:56  Probe  
  121  7:57  Pylon  
  123  7:58  Stalker  
  123  7:59  Stalker  
  123  8:00  Zealot x3  
  123  8:05  Pylon  
  133  8:06  Pylon  
  133  8:07  Pylon  
  133  8:11  Robotics Facility  
  133  8:15  Probe x3  
  133  8:19  Observer (Chrono Boost)  
  137  8:20  Probe  
  137  8:23  Stalker x4  
  146  8:28  Probe x2  
  146  8:31  Warp Prism (Chrono Boost)  
  150  8:38  Zealot x2  
  148  8:51  Protoss Ground Weapons Level 2 (Chrono Boost)  
  148  9:01  Observer (Chrono Boost)  
  148  9:02  Gateway  
  149  9:04  Nexus  
  149  9:05  Gateway, Assimilator  
  149  9:06  Zealot x6  
  149  9:07  Gateway  
  165  9:13  Observer, Disruptor (Chrono Boost)  
  165  9:14  Pylon  
  165  9:19  Disruptor (Chrono Boost)  
  165  9:23  Probe  
  168  9:25  Protoss Ground Armor Level 2 (Chrono Boost)  
  168  9:33  Dark Shrine  
  168  9:34  Pylon  
  166  9:38  Probe  
  166  9:39  Probe  
  166  9:40  Probe  
  166  9:42  Disruptor  
  171  9:56  Zealot x9  
  189  10:01  Disruptor  
  191  10:10  Probe  
  186  10:18  Zealot x3  
  186  10:19  Zealot x8  
  194  10:23  Probe x3  
  197  10:48  Disruptor (Chrono Boost)  
  173  10:54  Colossus (Chrono Boost)  
  173  10:56  Zealot x11  
  171  10:57  Protoss Ground Weapons Level 3 (Chrono Boost)  
  175  11:14  Nexus  
  175  11:15  Disruptor (Chrono Boost)  
  173  11:25  Stalker x8  
  181  11:26  Stalker x3  
  181  11:32  Shadow Stride  
  195  11:37  Disruptor (Chrono Boost)  
  197  11:51  Pylon  
  197  11:53  Pylon  
  197  11:54  Pylon  
  178  12:06  Zealot x4  
  175  12:11  Zealot x8  
  175  12:13  Zealot x2  
  151  12:30  Observer  
  151  12:33  Probe  
  151  12:34  Probe  
  151  12:36  Disruptor, Probe x2  
  153  12:38  Pylon  
  153  12:41  Pylon, Stalker x7  
  159  12:48  Pylon  
  159  12:49  Nexus  
  145  12:56  Pylon  
  142  13:11  Zealot x8  
  142  13:12  Zealot  
  161  13:13  Observer (Chrono Boost)  
  157  13:23  Shield Battery  
  157  13:26  Photon Cannon  
  157  13:27  Colossus (Chrono Boost)  
  157  13:29  Probe  
  157  13:30  Probe x2  
  157  13:33  Colossus (Chrono Boost)  
  166  13:34  Zealot x10  
  166  13:36  Pylon  
  182  13:54  Zealot x4  
  188  13:56  Zealot x5